NCAA
SOUTH CAROLINA GAMECOCKS @ MARYLAND TERRAPINS
04/17/2024
 
TOP OF THE 1ST
South Carolina Gamecocks batting - Pitching for Maryland Terrapins : LHP Justin Wagner
Pitching: LHP Justin Wagner
Batting: LHB Josh Pérez 0-0: Called Strike
0-1: Ball
1-1: Ball
2-1: Ball
3-1: Base on Balls
Batting: RHB Carl Johnston 0-0: Called Strike
0-1: Ball
Wild Pitch!
Josh Pérez to second
1-1: Foul Ball, location: 2F
1-2: Foul Ball, location: 2F
1-2: Ball
2-2: Strikes out looking
Batting: RHB Junior Adams 0-0: Called Strike
0-1: Ground out 4-3 (Groundball, 13)
Josh Pérez to third
Batting: RHB Doug O'Brien 0-0: Ground out 1-3 (Groundball, 13S)
Top of the 1st over - 0 run(s), 0 hit(s), 0 error(s), 1 left on base; South Carolina 0 - Maryland 0
BOTTOM OF THE 1ST
Maryland Terrapins batting - Pitching for South Carolina Gamecocks : RHP Joe Griffin
Pitching: RHP Joe Griffin
Batting: SHB Caden Keith 0-0: SINGLE (Line Drive, 6M)
Batting: RHB Glenn Carroll 0-0: Ball
1-0: DOUBLE (Line Drive, 5D)
Caden Keith to third
Batting: LHB Armando Torres 0-0: Ball
1-0: Hit by Pitch
Batting: SHB Frank Johnston 0-0: Ball
1-0: GRAND SLAM HOME RUN (Line Drive, 9D), Distance : 363 ft
Batting: SHB Tom Johnson 0-0: Ball
1-0: Ball
2-0: Called Strike
2-1: Swinging Strike
2-2: Strikes out swinging
Batting: RHB Jesús López 0-0: Called Strike
0-1: Ball
1-1: Ball
2-1: Called Strike
2-2: SINGLE (Flyball, 7LS)
Batting: SHB Leonard Adams 0-0: Ball
1-0: Ball
2-0: Ball
3-0: Called Strike
3-1: Foul Ball, location: 2F
3-2: Grounds into double play, 1-6-3 (Groundball, 25)
Bottom of the 1st over - 4 run(s), 4 hit(s), 0 error(s), 0 left on base; South Carolina 0 - Maryland 4
TOP OF THE 2ND
South Carolina Gamecocks batting - Pitching for Maryland Terrapins : LHP Justin Wagner
Batting: RHB Lewis Carter 0-0: Foul Ball, location: 2F
0-1: Ball
1-1: Foul Ball, location: 2F
1-2: Strikes out swinging
Batting: RHB Taylor Justice 0-0: Ball
1-0: SINGLE (Groundball, 34D)
Batting: RHB Clint Ratzlaff 0-0: Called Strike
0-1: Foul Ball, location: 2F
0-2: Ball
1-2: Ball
2-2: Strikes out swinging
Batting: RHB José Zúńiga 0-0: Ball
1-0: Swinging Strike
1-1: Called Strike
1-2: Ball
2-2: SINGLE (Line Drive, 89S)
Taylor Justice to second
Batting: RHB Gary Wyatt 0-0: Ball
1-0: Called Strike
1-1: Foul Ball, location: 2F
1-2: Fly out, F4 (Popup, 34D)
Top of the 2nd over - 0 run(s), 2 hit(s), 0 error(s), 2 left on base; South Carolina 0 - Maryland 4
BOTTOM OF THE 2ND
Maryland Terrapins batting - Pitching for South Carolina Gamecocks : RHP Joe Griffin
Batting: RHB Pedro Echevarría 0-0: Ball
1-0: Foul Ball, location: 2F
1-1: Ball
2-1: Called Strike
2-2: Fly out, F4 (Line Drive, 4M)
Batting: RHB Bill Smith 0-0: Called Strike
0-1: Ball
1-1: SINGLE (Groundball, 6MD)
Batting: SHB Caden Keith 0-0: Fielders Choice at 2nd, 3-6 (Groundball, 3)
Batting: RHB Glenn Carroll 0-0: Ball
Caden Keith steals 2nd base
1-0: Ball
2-0: Called Strike
2-1: Called Strike
2-2: Strikes out looking
Bottom of the 2nd over - 0 run(s), 1 hit(s), 0 error(s), 1 left on base; South Carolina 0 - Maryland 4
TOP OF THE 3RD
South Carolina Gamecocks batting - Pitching for Maryland Terrapins : LHP Justin Wagner
Batting: LHB Josh Pérez 0-0: Fly out, F4 (Popup, 4D)
Batting: RHB Carl Johnston 0-0: Called Strike
0-1: Ball
1-1: Foul Ball, location: 2F
1-2: Strikes out swinging
Batting: RHB Junior Adams 0-0: Ball
1-0: Called Strike
1-1: SINGLE (Flyball, 8LS)
Batting: RHB Doug O'Brien 0-0: Called Strike
0-1: Ball
1-1: SINGLE (Line Drive, 9S)
Junior Adams to second
Batting: RHB Lewis Carter 0-0: Ball
1-0: Ball
2-0: Called Strike
2-1: Ground out 5-3 (Groundball, 5)
Top of the 3rd over - 0 run(s), 2 hit(s), 0 error(s), 2 left on base; South Carolina 0 - Maryland 4
BOTTOM OF THE 3RD
Maryland Terrapins batting - Pitching for South Carolina Gamecocks : RHP Joe Griffin
Batting: LHB Armando Torres 0-0: Ball
1-0: Ball
2-0: Ball
3-0: Called Strike
3-1: Called Strike
3-2: Base on Balls
Batting: SHB Frank Johnston 0-0: Ball
1-0: Ball
2-0: Ball
3-0: Called Strike
3-1: Foul Ball, location: 2F
3-2: Strikes out swinging
Batting: SHB Tom Johnson 0-0: Ball
1-0: Ball
2-0: Ball
3-0: Base on Balls
Armando Torres to second
Batting: RHB Jesús López 0-0: Ball
1-0: Called Strike
1-1: Ball
2-1: Foul Ball, location: 2F
2-2: Ball
3-2: Foul Ball, location: 2F
3-2: Base on Balls
Armando Torres to third
Tom Johnson to second
Batting: SHB Leonard Adams 0-0: Ground out U3 (Groundball, 3S)
Armando Torres scores
Tom Johnson to third
Jesús López to second
Batting: RHB Pedro Echevarría 0-0: Called Strike
0-1: Ball
1-1: Ball
2-1: Ball
3-1: Base on Balls
Batting: RHB Bill Smith 0-0: Ball
1-0: DOUBLE (Flyball, 78M)
Tom Johnson scores
Jesús López scores
Pedro Echevarría to third
Runner from 3rd tries for Home, SAFE, no throw or cutoff
Pitching: RHP Kelly Sheehan
Batting: SHB Caden Keith 0-0: Ball
1-0: Ground out 4-3 (Groundball, 34)
Bottom of the 3rd over - 4 run(s), 1 hit(s), 0 error(s), 1 left on base; South Carolina 0 - Maryland 8
TOP OF THE 4TH
South Carolina Gamecocks batting - Pitching for Maryland Terrapins : LHP Justin Wagner
Batting: RHB Taylor Justice 0-0: Ball
1-0: Ball
2-0: Called Strike
2-1: DOUBLE (Line Drive, 5D)
Batting: RHB Clint Ratzlaff 0-0: Ball
Wild Pitch!
Taylor Justice to third
1-0: Called Strike
1-1: Ball
2-1: Foul Ball, location: 2F
2-2: DOUBLE (Line Drive, 56D)
Taylor Justice scores
Batting: RHB José Zúńiga 0-0: Called Strike
0-1: Swinging Strike
0-2: Strikes out swinging
Batting: RHB Gary Wyatt 0-0: Ball
1-0: Ball
2-0: Called Strike
2-1: Foul Ball, location: 2F
2-2: Strikes out swinging
Batting: LHB Josh Pérez 0-0: Ball
1-0: Called Strike
1-1: Ball
Passed Ball!
Clint Ratzlaff to third
2-1: Ball
3-1: SINGLE (Line Drive, 6D)
Clint Ratzlaff scores
Batting: RHB Carl Johnston 0-0: Foul Ball, location: 2F
0-1: SINGLE (Line Drive, 34)
Josh Pérez to second
Batting: RHB Junior Adams 0-0: Called Strike
0-1: Swinging Strike
0-2: Ball
1-2: Ball
Wild Pitch!
Josh Pérez to third
Carl Johnston to second
2-2: Foul Ball, location: 2F
2-2: Foul Ball, location: 2F
2-2: Strikes out looking
Top of the 4th over - 2 run(s), 4 hit(s), 0 error(s), 2 left on base; South Carolina 2 - Maryland 8
BOTTOM OF THE 4TH
Maryland Terrapins batting - Pitching for South Carolina Gamecocks : RHP Kelly Sheehan
Batting: RHB Glenn Carroll 0-0: Reached on error, E5 (Groundball, 5S)
Batting: LHB Armando Torres 0-0: Ball
1-0: Called Strike
1-1: Swinging Strike
1-2: Foul Ball, location: 2F
1-2: Ball
2-2: Foul Ball, location: 2F
2-2: Fly out, F7 (Flyball, 7M)
Batting: SHB Frank Johnston 0-0: Foul Ball, location: 2F
0-1: Ball
1-1: Ball
2-1: Called Strike
2-2: Strikes out swinging
Batting: SHB Tom Johnson 0-0: Called Strike
0-1: Ball
1-1: Foul Ball, location: 2F
1-2: Ball
2-2: Foul Ball, location: 2F
2-2: Foul Ball, location: 2F
2-2: Foul Ball, location: 2F
2-2: Foul Ball, location: 2F
2-2: Foul Ball, location: 2F
2-2: Foul Ball, location: 2F
2-2: Foul Ball, location: 2F
2-2: Ball
3-2: Foul Ball, location: 2F
3-2: Strikes out swinging
Bottom of the 4th over - 0 run(s), 0 hit(s), 1 error(s), 1 left on base; South Carolina 2 - Maryland 8
TOP OF THE 5TH
South Carolina Gamecocks batting - Pitching for Maryland Terrapins : LHP Justin Wagner
Pitching: RHP Gregory Martínez
Batting: RHB Doug O'Brien 0-0: Ball
1-0: Called Strike
1-1: Ball
2-1: Ball
3-1: Swinging Strike
3-2: Base on Balls
Batting: RHB Lewis Carter Pickoff Throw to First - Error! E1
Doug O'Brien to second
0-0: Foul Ball, location: 2F
0-1: Foul Ball, location: 2F
0-2: Fly out, F2 (Popup, 2LF)
Batting: RHB Taylor Justice 0-0: Swinging Strike
0-1: Foul Ball, location: 2F
0-2: Ground out 5-3 (Groundball, 5S)
Doug O'Brien to third
Batting: RHB Clint Ratzlaff 0-0: Ball
1-0: TRIPLE (Flyball, 8RM)
Doug O'Brien scores
Batting: RHB José Zúńiga 0-0: Fly out, F8 (Line Drive, 8LS)
Top of the 5th over - 1 run(s), 1 hit(s), 1 error(s), 1 left on base; South Carolina 3 - Maryland 8
BOTTOM OF THE 5TH
Maryland Terrapins batting - Pitching for South Carolina Gamecocks : RHP Kelly Sheehan
Batting: RHB Jesús López 0-0: Called Strike
0-1: Ball
1-1: Ball
2-1: Foul Ball, location: 2F
2-2: Strikes out looking
Batting: SHB Leonard Adams 0-0: Ball
1-0: Ground out 5-3 (Groundball, 56S)
Batting: RHB Pedro Echevarría 0-0: Called Strike
0-1: Ball
1-1: Ground out 4-3 (Groundball, 4)
Bottom of the 5th over - 0 run(s), 0 hit(s), 0 error(s), 0 left on base; South Carolina 3 - Maryland 8
TOP OF THE 6TH
South Carolina Gamecocks batting - Pitching for Maryland Terrapins : RHP Gregory Martínez
Batting: RHB Gary Wyatt 0-0: Ball
1-0: Fly out, F5 (Popup, 15S)
Batting: LHB Josh Pérez 0-0: Swinging Strike
0-1: Foul Ball, location: 2F
0-2: Ball
1-2: Ball
2-2: Foul Ball, location: 2F
2-2: Fly out, F4 (Popup, 4S)
Batting: RHB Carl Johnston 0-0: Foul Ball, location: 2F
0-1: SINGLE (Line Drive, 56)
Batting: RHB Junior Adams 0-0: Ball
1-0: Ground out 6-3 (Groundball, 6)
Top of the 6th over - 0 run(s), 1 hit(s), 0 error(s), 1 left on base; South Carolina 3 - Maryland 8
BOTTOM OF THE 6TH
Maryland Terrapins batting - Pitching for South Carolina Gamecocks : RHP Kelly Sheehan
Batting: RHB Bill Smith 0-0: Ball
1-0: Ball
2-0: Foul Ball, location: 2F
2-1: Ground out 5-3 (Groundball, 5S)
Batting: SHB Caden Keith 0-0: Foul Ball, location: 2F
0-1: Ball
1-1: Foul Ball, location: 2F
1-2: Foul Ball, location: 2F
1-2: Ball
2-2: Ball
3-2: SINGLE (Groundball, 4M)
Batting: RHB Glenn Carroll 0-0: Ball
1-0: Ball
2-0: Foul Ball, location: 2F
2-1: Ball
3-1: Base on Balls
Caden Keith to second
Pitching: RHP Ray Hall
Batting: LHB Armando Torres 0-0: Called Strike
0-1: Foul Ball, location: 2F
0-2: Foul Ball, location: 2F
0-2: Ball
Passed Ball!
Caden Keith to third
Glenn Carroll to second
1-2: SINGLE (Flyball, 8RS)
Caden Keith scores
Glenn Carroll to third
Runner from 3rd tries for Home, SAFE, throw made home
Armando Torres to second
Batting: SHB Frank Johnston 0-0: Ball
Wild Pitch!
Armando Torres to third
1-0: Ball
2-0: Foul Ball, location: 2F
2-1: Foul Ball, location: 2F
2-2: Ball
3-2: Strikes out swinging
Batting: SHB Tom Johnson 0-0: SINGLE (Groundball, 6MD)
Armando Torres scores
Batting: RHB Jesús López 0-0: Ground out 1-3 (Groundball, 13)
Bottom of the 6th over - 3 run(s), 3 hit(s), 0 error(s), 1 left on base; South Carolina 3 - Maryland 11
TOP OF THE 7TH
South Carolina Gamecocks batting - Pitching for Maryland Terrapins : RHP Gregory Martínez
Pitching: RHP Tommy Holmes
Batting: RHB Doug O'Brien 0-0: Ground out 5-3 (Groundball, 56S)
Batting: RHB Lewis Carter 0-0: SINGLE (Line Drive, 7LM)
Batting: RHB Taylor Justice 0-0: Fly out, F4 (Line Drive, 4S)
Batting: RHB Clint Ratzlaff 0-0: Called Strike
0-1: Ball
1-1: Swinging Strike
1-2: Ball
2-2: Ball
3-2: Foul Ball, location: 2F
3-2: Base on Balls
Lewis Carter to second
Batting: RHB José Zúńiga 0-0: Ball
1-0: Called Strike
1-1: Ball
2-1: Ball
3-1: Ground out 6-3 (Groundball, 6)
Top of the 7th over - 0 run(s), 1 hit(s), 0 error(s), 2 left on base; South Carolina 3 - Maryland 11
BOTTOM OF THE 7TH
Maryland Terrapins batting - Pitching for South Carolina Gamecocks : RHP Ray Hall
Batting: SHB Leonard Adams 0-0: Ball
1-0: Foul Ball, location: 2F
1-1: Ball
2-1: Swinging Strike
2-2: Ball
3-2: Strikes out swinging
Batting: RHB Pedro Echevarría 0-0: Called Strike
0-1: Ball
1-1: Swinging Strike
1-2: Strikes out looking
Batting: RHB Bill Smith 0-0: Fly out, F6 (Popup, 6D)
Bottom of the 7th over - 0 run(s), 0 hit(s), 0 error(s), 0 left on base; South Carolina 3 - Maryland 11
TOP OF THE 8TH
South Carolina Gamecocks batting - Pitching for Maryland Terrapins : RHP Tommy Holmes
Now in LF: Will Sawyer
Batting: RHB Gary Wyatt 0-0: Ball
1-0: Ball
2-0: Ball
3-0: Base on Balls
Batting: LHB Josh Pérez 0-0: Ball
1-0: Foul Ball, location: 2F
1-1: Called Strike
1-2: Ball
2-2: Strikes out looking
Batting: RHB Carl Johnston 0-0: Ball
1-0: Called Strike
1-1: Ball
2-1: Grounds into double play, 5-4-3 (Groundball, 56)
Top of the 8th over - 0 run(s), 0 hit(s), 0 error(s), 0 left on base; South Carolina 3 - Maryland 11
BOTTOM OF THE 8TH
Maryland Terrapins batting - Pitching for South Carolina Gamecocks : RHP Ray Hall
Batting: SHB Caden Keith 0-0: Called Strike
0-1: Ground out U3 (Groundball, 3S)
Pitching: RHP Aaron Williams
Batting: RHB Glenn Carroll 0-0: Called Strike
0-1: Ball
1-1: Foul Ball, location: 2F
1-2: Strikes out looking
Batting: LHB Armando Torres 0-0: Ground out 1-3 (Groundball, 13S)
Bottom of the 8th over - 0 run(s), 0 hit(s), 0 error(s), 0 left on base; South Carolina 3 - Maryland 11
TOP OF THE 9TH
South Carolina Gamecocks batting - Pitching for Maryland Terrapins : RHP Tommy Holmes
Batting: RHB Junior Adams 0-0: Called Strike
0-1: Ball
1-1: Ball
2-1: Foul Ball, location: 2F
2-2: Ball
3-2: Base on Balls
Batting: RHB Doug O'Brien 0-0: Ball
1-0: Ball
2-0: Swinging Strike
2-1: Foul Ball, location: 2F
2-2: Ball
3-2: Base on Balls
Junior Adams to second
Batting: RHB Lewis Carter 0-0: Called Strike
0-1: Ball
1-1: Ball
Wild Pitch!
Junior Adams to third
Doug O'Brien to second
2-1: Foul Ball, location: 2F
2-2: Foul Ball, location: 2F
2-2: Ground out 2-3 (Groundball, 23)
Batting: RHB Taylor Justice 0-0: Ball
1-0: Ball
2-0: Ball
3-0: Called Strike
3-1: Foul Ball, location: 2F
3-2: Base on Balls
Pitching: RHP Pete Gillespie
Batting: RHB Clint Ratzlaff 0-0: Ball
1-0: Ball
2-0: Called Strike
2-1: Ball
3-1: Base on Balls
Junior Adams scores
Doug O'Brien to third
Taylor Justice to second
Batting: RHB José Zúńiga 0-0: Ball
1-0: Ball
2-0: Called Strike
2-1: Ball
3-1: Base on Balls
Doug O'Brien scores
Taylor Justice to third
Clint Ratzlaff to second
Batting: RHB Gary Wyatt 0-0: Ball
1-0: Fly out, F8 (Flyball, 8LM)
Runner from 3rd tags up, SCORES, throw made
Batting: LHB Josh Pérez 0-0: Ball
1-0: Ball
2-0: Ball
3-0: Base on Balls
Clint Ratzlaff to third
José Zúńiga to second
Pitching: RHP Gunner Morris
Batting: RHB Carl Johnston 0-0: Called Strike
0-1: Ball
1-1: Called Strike
1-2: Ground out 5-3 (Groundball, 5)
Top of the 9th over - 3 run(s), 0 hit(s), 0 error(s), 3 left on base; South Carolina 6 - Maryland 11
This league is powered by Out of the Park Baseball, the baseball management simulation game for PC, Mac and Linux
Saturday, April 9th, 2016 - OOTP Baseball 16.8 Build 38